 Dungeon Crawl Stone Soup version 0.16.0-11-gd45b091 (webtiles) character file.

303530 Lokkij the Severer (level 20, -9/176 HPs)
             Began as a Black Draconian Fighter on Mar 16, 2015.
             Was the Champion of Cheibriados.
             Killed from afar by a hellephant (18 damage)
             ... with a blast of flame
             ... on level 4 of the Abyss on Mar 17, 2015.
             The game lasted 04:22:41 (50618 turns).

Lokkij the Severer (Black Draconian Fighter)       Turns: 50618, Time: 04:22:42

Health: -9/176     AC: 19    Str: 34      XL:     20   Next: 24%
Magic:  6/28       EV: 33    Int: 24 (25) God:    Cheibriados [******]
Gold:   2538       SH:  0    Dex: 31      Spells: 7 memorised, 9 levels left

rFire  + . .     SeeInvis .     S - +4 battleaxe (freeze)
rCold  + + .     Clarity  +     (armour unavailable)
rNeg   + . .     SustAb   .     (no shield)
rPois  +         Gourm    .     (helmet restricted)
rElec  +         Spirit   .     O - +2 cloak
rCorr  +         Warding  .     x - +2 pair of gloves
rMut   .         Rnd*Tele +     t - +1 pair of boots
MR     +....                    G - amulet of clarity
Stlth  ++........               M - ring of protection from cold
                                u - ring of positive energy

@: resistant, flying, very slow, somewhat resistant to hostile enchantments,
unstealthy
A: breathe lightning, able to fly continuously, unfitting armour, big wings,
berserk 1, blurry vision 1, clumsy 1, low mp 2, screaming 1, shaggy fur 1,
electricity resistance, teleportitis 1, cold-blooded, AC +10
a: Breathe Lightning, Stop Flying, Bend Time, Temporal Distortion, Slouch, Step
From Time, Renounce Religion
}: 2/15 runes: decaying, gossamer


You were on level 4 of the Abyss.
You worshipped Cheibriados.
Cheibriados was exalted by your worship.
You were not hungry.

You visited 11 branches of the dungeon, and saw 46 of its levels.
You visited the Abyss 1 time.
You also visited: Ice Cave and Wizlab.

You collected 3822 gold pieces.
You spent 981 gold pieces at shops.

Inventory:

Hand weapons
 S - a +4 battleaxe of freezing (weapon)
Armour
 d - a cursed +0 pair of boots
 t - a +1 pair of boots (worn)
 x - a +2 pair of gloves (worn)
 O - a +2 cloak (worn)
Jewellery
 e - an uncursed ring of poison resistance
 q - an uncursed ring of see invisible
 u - a ring of positive energy (left hand)
 C - an uncursed ring of sustain abilities
 G - an amulet of clarity (around neck)
 M - a ring of protection from cold (right hand)
 R - an uncursed amulet of resist corrosion
Magical devices
 H - a wand of digging (6)
Scrolls
 a - 5 scrolls of fear
 g - 5 scrolls of teleportation
 k - 7 scrolls of identify
 p - 11 scrolls of remove curse
 r - 5 scrolls of recharging
 v - a scroll of silence
 A - a scroll of enchant weapon
 E - a scroll of blinking
 J - 6 scrolls of magic mapping
 K - 4 scrolls of fog
Potions
 c - 6 potions of agility
 h - 5 potions of magic
 i - a potion of brilliance
 j - a potion of invisibility
 n - 6 potions of restore abilities
 s - 3 potions of resistance
 z - 3 potions of might
 B - 2 potions of ambrosia
 D - a potion of cancellation
Books
 m - the Almanac of Weightlessness
   (You found it in a wizard's laboratory)

   Spells                             Type                      Level
   a - Shock                          Conjuration/Air              1
   b - Repel Missiles                 Charms/Air                   2
   c - Flight                         Charms/Air                   3
   d - Static Discharge               Conjuration/Air              3
   e - Airstrike                      Air                          4
   f - Deflect Missiles               Charms/Air                   6
   g - Poisonous Cloud                Conjuration/Poison/Air       6
   h - Tornado                        Air                          9
 w - Zosi's Papyrus of Lethal Lightness
   (You found it in a wizard's laboratory)

   Spells                             Type                      Level
   a - Shock                          Conjuration/Air              1
   b - Repel Missiles                 Charms/Air                   2
   c - Summon Lightning Spire         Summoning/Air                4
   d - Silence                        Hexes/Air                    5
   e - Deflect Missiles               Charms/Air                   6
   f - Poisonous Cloud                Conjuration/Poison/Air       6
   g - Freezing Cloud                 Conjuration/Ice/Air          6
   h - Tornado                        Air                          9
 y - a book of Hinderance

   Spells                             Type                      Level
   a - Confusing Touch                Hexes                        2
   b - Confuse                        Hexes                        3
   c - Petrify                        Transmutation/Earth          4
   d - Metabolic Englaciation         Hexes/Ice                    5
   e - Gell's Gravitas                Hexes/Translocation          5
   f - Summon Mana Viper              Hexes/Summoning              5
 N - a Grand Grimoire {highlevel, unknown}

   This book is beyond your current level of understanding.

   Spells                             Type                      Level
   a - Aura of Abjuration             Summoning                    6
   b - Summon Greater Demon           Summoning                    7
   c - Malign Gateway                 Summoning/Translocation      7
   d - Summon Horrible Things         Summoning                    8
 P - a book of Ice

   Spells                             Type                      Level
   a - Ice Form                       Ice/Transmutation            4
   b - Metabolic Englaciation         Hexes/Ice                    5
   c - Ozocubu's Refrigeration        Ice                          6
   d - Bolt of Cold                   Conjuration/Ice              6
   e - Freezing Cloud                 Conjuration/Ice/Air          6
   f - Simulacrum                     Ice/Necromancy               6
Miscellaneous
 b - a fan of gales (inert)
 Q - a phantom mirror
Comestibles
 f - 17 bread rations
 l - 6 meat rations
 F - 2 royal jellies
 W - 2 fruits


   Skills:
 * Level 14.6 Fighting
 - Level 20.4 Axes
 * Level 16.6 Dodging
   Level 3.0 Shields
 - Level 10.9 Spellcasting
 - Level 3.7 Conjurations
 - Level 8.8 Charms
 - Level 7.3 Translocations
 - Level 7.8 Ice Magic
 + Level 8.7 Air Magic
 - Level 7.3 Invocations


You had 9 spell levels left.
You knew the following spells:

 Your Spells              Type           Power        Failure   Level  Hunger
a - Phase Shift           Tloc           #####.....   8%          5    ####...
b - Warp Weapon           Chrm/Tloc      ######....   6%          5    ####...
c - Deflect Missiles      Chrm/Air       ######....   21%         6    #####..
d - Ozocubu's Armour      Chrm/Ice       ######..     1%          3    None
e - Condensation Shield   Ice            ######....   1%          4    None
f - Throw Icicle          Conj/Ice       #####...     4%          4    None
g - Airstrike             Air            ######....   1%          4    None


Dungeon Overview and Level Annotations

Branches:
Dungeon (15/15)            Temple (1/1) D:4            Lair (8/8) D:8
  Swamp (5/5) Lair:4       Spider (5/5) Lair:6        Slime (1/6) Lair:7
    Orc (4/4) D:11            Elf (3/3) Orc:4        Vaults (1/5) D:14
 Depths (2/5) D:15           Hell (1/1)
    Dis: Hell:1         Geh: Hell:1         Coc: Hell:1         Tar: Hell:1

Altars:
Ashenzari
Cheibriados
Dithmenos
Elyvilon
Fedhas
Gozag
Kikubaaqudgha
Makhleb
Nemelex Xobeh
Okawaru
Qazlal
Ru
Sif Muna
Trog
Vehumet
Xom
Yredelemnul
Zin
The Shining One

Shops:
D:4 (%   D:6 }   D:7 *   Orc:3 }   Orc:4 :!(:}   Depths:1 *

Portals:
Hell: Lair:8 Depths:1
Ziggurat: Depths:1

Annotations:
D:5 1 exclusion, Blork the orc
Hell Geryon


Innate Abilities, Weirdness & Mutations

You can breathe wild blasts of lightning.
You can fly continuously.
Your glossy black scales are hard (AC +10).
Your body does not fit into most forms of armour.
Your wings are large and strong.
You are resistant to electric shocks.
Your cold-blooded metabolism reacts poorly to cold.
You are covered in fur (AC +1).
[You tend to lose your temper in combat.]
[Scrolls take you a little longer to read.]
[You are clumsy. (Dex -2)]
[Your magical capacity is very low (-20% MP).]
[You occasionally shout uncontrollably at your foes.]
[Space occasionally distorts in your vicinity.]


Message History

You are firmly grounded in the material plane once more.
You slice the hellephant!!! You freeze the hellephant!!
You tail-slap the hellephant, but do no damage.
The hellephant is heavily wounded.
You hear a shout!
You hear a roar!
The hellephant barely misses you.
The hellephant bites you but does no damage.
The hellephant completely misses you.
You closely miss the hellephant.
You tail-slap the hellephant, but do no damage.
The hellephant is heavily wounded.
The hellephant breathes flames at you. The blast of flame misses you. x2
You hit the hellephant! You freeze the hellephant.
The hellephant is heavily wounded.
A cacodemon comes into view.
Read which item? (? for menu, Esc to quit)
The hellephant breathes flames at you. The blast of flame hits you! You resist.
You die...

# ## # .... ♣♣♣
..2 ♣#.#.. #
..#
##....###..##..
. . #..........
# . ##@Y4......
. ###..##..# .
. # .# # # ..
.. .§ . #


You could see a hellephant, a cacodemon and an orange demon.

Vanquished Creatures
  Norris (Vaults:1)
  Saint Roka (Vaults:1)
  A bone dragon (Abyss:4)
  A lich (Abyss:4)
  A hellephant (Abyss:1)
  A Cloud Mage (WizLab)
  Asterion (Elf:1)
  2 deep elf blademasters (Elf:3)
  A deep elf master archer (Elf:3)
  4 tentacled starspawn (Abyss:4)
  An octopode crusher (Depths:1)
  A thorn hunter (Swamp:5)
  Frances (D:15)
  A spectral weapon (Elf:1)
  2 frost giants
  The ghost of wanderer1 the Severer, a mighty GrGl of Makhleb (Spider:5)
  A fire giant (Depths:1)
  3 deep elf sorcerers
  Maud (Lair:6)
  2 vault wardens (Vaults:1)
  2 ghost moths (Spider:5)
  6 emperor scorpions
  The ghost of ghwc the Bludgeoner, a powerful OgBe of Trog (D:13)
  An ironheart preserver (Vaults:1)
  A dire elephant (Depths:1)
  A deep elf annihilator (Vaults:1)
  A deep elf death mage (Elf:1)
  Snorg (Spider:3)
  2 yaktaur captains
  A great orb of eyes (Depths:1)
  4 ice dragons
  17 hydras
  A quicksilver dragon skeleton (Abyss:4)
  A catoblepas (Lair:4)
  A ghost crab (Swamp:5)
  4 centaur warriors
  19 dancing weapons
  2 deep troll shamans (Depths:1)
  A deep troll earth mage (Depths:1)
  4 ogre magi (Abyss:4)
  A vampire mage (Depths:1)
  3 tengu warriors
  An alligator (Swamp:5)
  A soul eater (Abyss:4)
  18 death yaks
  A shock serpent (Abyss:4)
  A hell beast (Lair:8)
  An orc high priest (Elf:1)
  3 hell hogs (Abyss:4)
  Urug (Orc:4)
  A shadow wraith (Abyss:4)
  4 thrashing horrors
  A sun demon (Abyss:4)
  17 deep elf knights
  3 wretched stars (Abyss:4)
  2 deep trolls (Depths:1)
  3 wizards
  11 skeletal warriors
  An ice devil (Abyss:4)
  3 shambling mangroves
  A giant orange brain (Vaults:1)
  4 unseen horrors
  A shadow demon (Abyss:4)
  4 harpies (Vaults:1)
  11 hill giants
  5 deep elf summoners
  A harpy (shapeshifter) (D:15)
  A wolf spider zombie (D:15)
  A necromancer (D:14)
  8 swamp dragons
  5 orc knights
  11 deep elf conjurers
  8 orb spiders
  2 ironbrand convokers (Vaults:1)
  2 manticores
  3 worldbinders
  3 orc sorcerers
  An oklob plant (Lair:3)
  7 cyclopes
  A hornet (shapeshifter) (Abyss:4)
  2 griffons
  20 wolf spiders
  7 hornets
  28 ugly things
  26 elephants
  5 black mambas
  An apocalypse crab (Abyss:4)
  2 vault sentinels (Vaults:1)
  2 moths of wrath (Spider:5)
  A smoke demon (Abyss:4)
  2 rust devils
  14 large abominations
  27 spiny frogs
  5 yaktaurs
  2 torpor snails
  An orange demon (Abyss:4)
  7 small abominations
  A spiny frog (shapeshifter) (Abyss:4)
  5 demonic crawlers
  A kobold demonologist (D:13)
  10 deep elf priests
  5 ancient zymes (Abyss:4)
  8 komodo dragons
  2 efreet
  5 red devils (Lair:8)
  5 fire drakes
  7 trolls
  4 giant leeches
  2 hellwings
  18 jumping spiders
  Sonja (D:14)
  11 wind drakes (WizLab)
  2 blue devils (Lair:8)
  A giant leech (shapeshifter) (Depths:1)
  20 polar bears
  A wolf spider simulacrum (D:13)
  A harpy skeleton (D:15)
  Grinder (D:5)
  Prince Ribbit (D:5)
  20 slime creatures
  9 ravens
  6 two-headed ogres
  4 bog bodies
  A boulder beetle (Vaults:1)
  An ice dragon zombie (Abyss:4)
  35 blink frogs
  2 basilisks
  A basilisk (shapeshifter) (Vaults:1)
  8 trapdoor spiders
  A raven (shapeshifter) (Depths:1)
  40 redbacks
  2 shadows
  31 raiju (Abyss:4)
  10 water elementals
  8 spriggans
  4 chaos spawn (Abyss:4)
  30 air elementals (WizLab)
  A tarantella (shapeshifter) (Elf:2)
  A wyvern (Lair:7)
  A wraith (D:14)
  31 deep elf magi
  21 tarantellas
  2 ynoxinuls (Abyss:4)
  A vampire (Depths:1)
  Eustachio (D:5)
  4 neqoxecs
  A giant leech zombie (Swamp:1)
  35 deep elf fighters
  4 hungry ghosts
  63 yaks
  14 hippogriffs
  A fire bat (Abyss:4)
  29 wolves
  A hog (D:14)
  A mottled dragon (D:11)
  A steam dragon (D:12)
  A mottled dragon (shapeshifter) (Elf:2)
  12 wargs
  27 vampire mosquitoes
  30 water moccasins
  Edmund (D:5)
  16 insubstantial wisps
  A soldier ant (D:12)
  Menkaure (D:4)
  A soldier ant (shapeshifter) (Elf:2)
  4 hell hounds
  18 swamp worms
  6 porcupines
  5 sky beasts
  2 black bears
  2 black bears (shapeshifter)
  11 swamp drakes
  A naga (Abyss:4)
  48 orc warriors
  12 ogres
  6 starcursed masses (Abyss:4)
  7 wasps
  A necrophage (D:8)
  11 spiders
  A boggart (shapeshifter) (Abyss:4)
  4 phantoms
  16 ice beasts
  6 eyes of draining
  An eye of draining (shapeshifter) (Abyss:4)
  3 boggarts (Depths:1)
  A boring beetle (Lair:8)
  6 big kobolds
  26 centaurs
  26 giant frogs
  17 crocodiles
  An earth elemental (Abyss:4)
  9 scorpions
  2 gnoll sergeants
  5 killer bees (D:13)
  8 wights
  9 jellies
  7 crimson imps
  3 giant frog zombies
  A goliath beetle (D:6)
  4 iron imps
  6 centaur zombies
  6 electric eels
  3 quasits
  32 orc priests
  3 giant frog skeletons
  Crazy Yiuf (D:2)
  5 centaur skeletons
  14 hounds
  41 orc wizards
  8 iguanas
  8 worker ants
  Natasha (twice) (D:4)
  7 hell rats
  A giant frog simulacrum (D:13)
  7 sheep (Lair:6)
  A worker ant zombie (D:5)
  29 adders
  47 gnolls
  27 river rats
  10 shadow imps
  A giant mite (D:15)
  21 white imps
  3 ufetubi (D:13)
  2 worms (D:2)
  3 adder zombies
  2 adder skeletons
  11 giant geckos
  2 oozes
  264 orcs
  A ball python (D:3)
  14 bats
  2 bat skeletons
  9 giant cockroaches
  26 goblins
  24 hobgoblins
  41 kobolds
  14 quokkas
  A giant gecko skeleton (D:5)
  7 giant newts
  17 jackals
  An orc simulacrum (Abyss:4)
  23 rats
  2 ballistomycetes (D:7)
  2 bushes
  4 crawling corpses
  8 fungi
  9 plants
2098 creatures vanquished.

Vanquished Creatures (collateral kills)
  A soldier ant (D:15)
1 creature vanquished.

Vanquished Creatures (others)
  A frost giant (D:15)
  A deep elf death mage (Elf:3)
  A polar bear (IceCv)
  An air elemental (Lair:6)
  A spider (Spider:5)
  6 river rats
  An adder (Lair:7)
  An adder skeleton (D:7)
  2 chimeras
  4 giant spores
  2 lurking horrors (Abyss:4)
  A crawling corpse (Elf:3)
  31 fungi
  19 plants
  6 starspawn tentacles (Abyss:4)
  34 starspawn tentacle segments (Abyss:4)
  4 tentacles (Abyss:3)
  28 tentacle segments (Abyss:3)
144 creatures vanquished.

Grand Total: 2243 creatures vanquished

Notes
Turn   | Place    | Note
--------------------------------------------------------------
     0 | D:1      | Lokkij, the Draconian Fighter, began the quest for the Orb.
     0 | D:1      | Reached XP level 1. HP: 19/19 MP: 1/1
   146 | D:1      | Reached XP level 2. HP: 26/26 MP: 2/2
   433 | D:1      | Found a snail-covered altar of Cheibriados.
   454 | D:1      | Became a worshipper of Cheibriados the Contemplative
   719 | D:1      | Reached XP level 3. HP: 31/31 MP: 3/3
   998 | D:2      | Reached skill level 4 in Axes
  1166 | D:2      | Acquired Cheibriados' first power
  1212 | D:2      | Reached XP level 4. HP: 35/38 MP: 4/4
  1273 | D:2      | Noticed Crazy Yiuf
  1277 | D:2      | Killed Crazy Yiuf
  1465 | D:3      | Reached skill level 5 in Axes
  1489 | D:3      | Reached XP level 5. HP: 42/45 MP: 5/5
  1585 | D:3      | Found a blossoming altar of Fedhas.
  2063 | D:4      | Reached skill level 6 in Axes
  2086 | D:4      | Found Pleuqaut's Antique Weapon Emporium.
  2105 | D:4      | Found Uway's Food Emporium.
  2220 | D:4      | Acquired Cheibriados' second power
  2220 | D:4      | Reached XP level 6. HP: 51/51 MP: 6/6
  2271 | D:4      | Noticed Natasha
  2280 | D:4      | Killed Natasha
  2378 | D:4      | Noticed Menkaure
  2381 | D:4      | Killed Menkaure
  2381 | D:4      | Reached skill level 7 in Axes
  2606 | D:4      | Gained mutation: Your flesh is cold resistant. [potion of mutation]
  2606 | D:4      | Gained mutation: Your body is slowly deteriorating. [potion of mutation]
  2606 | D:4      | Gained mutation: You heal slowly when monsters are visible. [potion of mutation]
  2613 | D:4      | Your scales start taking on a glossy black colour.
  2613 | D:4      | Gained mutation: You are resistant to electric shocks. [draconian maturity]
  2613 | D:4      | Reached XP level 7. HP: 17/57 MP: 2/7
  2836 | D:4      | Reached skill level 8 in Axes
  2868 | D:4      | Gained mutation: You have large cloven feet. [potion of mutation]
  2868 | D:4      | Gained mutation: [Scrolls take you a little longer to read.] [potion of mutation]
  2868 | D:4      | Gained mutation: You are weak. (Str -2) [potion of mutation]
  2871 | D:4      | Acquired Cheibriados' third power
  3202 | D:4      | Reached skill level 1 in Invocations
  3317 | D:4      | Reached skill level 9 in Axes
  3510 | D:4      | Acquired Cheibriados' fourth power
  3550 | D:4      | Reached XP level 8. HP: 57/63 MP: 10/10
  3571 | D:4      | Noticed Natasha
  3582 | D:4      | Killed Natasha
  3586 | D:4      | Found a staircase to the Ecumenical Temple.
  3595 | Temple   | Entered the Ecumenical Temple
  3820 | D:5      | Entered Level 5 of the Dungeon
  3857 | D:5      | Noticed Eustachio
  3859 | D:5      | Noticed Edmund
  3870 | D:5      | Killed Edmund
  3894 | D:5      | Noticed a two-headed ogre
  3895 | D:5      | Killed a two-headed ogre
  3895 | D:5      | Reached skill level 10 in Axes
  3904 | D:5      | Killed Eustachio
  4244 | D:5      | Noticed Grinder
  4248 | D:5      | Paralysed by Grinder for 5 turns
  4254 | D:5      | Paralysed by Grinder for 3 turns
  4258 | D:5      | Killed Grinder
  4426 | D:5      | Noticed Blork the orc
  4449 | D:5      | Reached XP level 9. HP: 61/70 MP: 16/16
  4522 | D:5      | Found a burning altar of Makhleb.
  4538 | D:5      | Reached skill level 11 in Axes
  4602 | D:5      | Noticed Prince Ribbit
  4615 | D:5      | Killed Prince Ribbit
  4615 | D:5      | Reached skill level 5 in Invocations
  5427 | D:6      | Lost mutation: You are weak. (Str -2) [potion of cure mutation]
  5427 | D:6      | Lost mutation: You heal slowly when monsters are visible. [potion of cure mutation]
  5427 | D:6      | Lost mutation: [Scrolls take you a little longer to read.] [potion of cure mutation]
  5427 | D:6      | Lost mutation: Your body is slowly deteriorating. [potion of cure mutation]
  5566 | D:6      | You fall through a shaft for 2 floors!
  5573 | D:8      | Reached skill level 12 in Axes
  5717 | D:8      | Found a staircase to the Lair.
  5718 | D:8      | Noticed a komodo dragon
  5726 | D:8      | Killed a komodo dragon
  5752 | Lair:1   | Entered Level 1 of the Lair of Beasts
  6228 | D:7      | Reached XP level 10. HP: 50/77 MP: 21/21
  6360 | D:7      | Found Unubeiwk's Hallowed Reliquary.
  6361 | D:7      | Found a glowing golden altar of the Shining One.
  6363 | D:7      | Noticed an angel
  6737 | D:6      | Found Vuer Isse's Gadget Shoppe.
  7031 | D:6      | Reached skill level 13 in Axes
  7584 | D:9      | Noticed a hill giant
  7590 | D:9      | Killed a hill giant
  7590 | D:9      | Reached skill level 1 in Spellcasting
  7848 | D:9      | Found a runed door.
  7867 | D:9      | Reached skill level 14 in Axes
  7934 | D:9      | Found a white marble altar of Elyvilon.
  8003 | D:9      | Reached XP level 11. HP: 79/81 MP: 22/22
  8096 | D:9      | Gained mutation: Your body is slowly deteriorating. [mutagenic meat]
  8097 | D:9      | Gained mutation: You have a pair of small antennae on your head. [mutagenic meat]
  8098 | D:9      | Gained mutation: [You tend to lose your temper in combat.] [mutagenic meat]
  8599 | D:9      | Reached skill level 5 in Dodging
  8767 | D:10     | Entered Level 10 of the Dungeon
  9447 | D:10     | Noticed a hill giant
  9456 | D:10     | Killed a hill giant
  9456 | D:10     | Reached skill level 15 in Axes
  9620 | D:10     | Noticed a hill giant
  9629 | D:10     | Killed a hill giant
  9629 | D:10     | Reached skill level 5 in Spellcasting
 10571 | D:11     | Found a staircase to the Orcish Mines.
 10601 | D:11     | Identified the Papyrus of Quantum Attacks
 10608 | Orc:1    | Entered Level 1 of the Orcish Mines
 10871 | Orc:1    | Reached XP level 12. HP: 88/88 MP: 25/25
 12181 | Orc:3    | Found Piasiomp's Gadget Emporium.
 12203 | Orc:3    | Learned a level 5 spell: Phase Shift
 12228 | Orc:3    | You fall through a shaft!
 12228 | Orc:4    | Entered Level 4 of the Orcish Mines
 12234 | Orc:4    | Paralysed by an orc sorcerer for 2 turns
 12265 | Orc:3    | Reached skill level 1 in Translocations
 12603 | Orc:3    | Reached skill level 16 in Axes
 13616 | Lair:1   | Noticed an elephant
 13626 | Lair:1   | Killed an elephant
 13638 | Lair:1   | Noticed a spiny frog
 13640 | Lair:1   | Killed a spiny frog
 13652 | Lair:1   | Noticed an elephant
 13657 | Lair:1   | Killed an elephant
 13712 | Lair:1   | Noticed an elephant
 13714 | Lair:1   | Noticed an elephant
 13716 | Lair:1   | Killed an elephant
 13720 | Lair:1   | Killed an elephant
 13721 | Lair:1   | Noticed an elephant
 13727 | Lair:1   | Killed an elephant
 13777 | Lair:1   | Noticed a komodo dragon
 13781 | Lair:1   | Killed a komodo dragon
 13782 | Lair:1   | Noticed a spiny frog
 13786 | Lair:1   | Killed a spiny frog
 13844 | Lair:1   | Noticed an elephant
 13851 | Lair:1   | Noticed an elephant
 13851 | Lair:1   | Killed an elephant
 13855 | Lair:1   | Killed an elephant
 13881 | Lair:1   | Learned a level 5 spell: Warp Weapon
 13951 | Lair:1   | Noticed an elephant
 13958 | Lair:1   | Killed an elephant
 13987 | Lair:1   | Noticed an elephant
 13994 | Lair:1   | Killed an elephant
 14085 | Lair:1   | Noticed an elephant
 14086 | Lair:1   | Noticed an elephant
 14090 | Lair:1   | Killed an elephant
 14090 | Lair:1   | Reached skill level 1 in Charms
 14092 | Lair:1   | Noticed an elephant
 14095 | Lair:1   | Killed an elephant
 14098 | Lair:1   | Killed an elephant
 14118 | Lair:1   | Noticed an elephant
 14228 | Lair:1   | Noticed an elephant
 14233 | Lair:1   | Killed an elephant
 14284 | Lair:1   | Noticed an elephant
 14288 | Lair:1   | Killed an elephant
 14300 | Lair:1   | Noticed an elephant
 14306 | Lair:1   | Killed an elephant
 14313 | Lair:1   | Noticed an elephant
 14317 | Lair:1   | Noticed an elephant
 14324 | Lair:1   | Killed an elephant
 14326 | Lair:1   | Killed an elephant
 14326 | Lair:1   | Reached XP level 13. HP: 80/93 MP: 27/27
 14366 | Lair:1   | Noticed an elephant
 14373 | Lair:1   | Killed an elephant
 14579 | Lair:1   | Noticed a spiny frog
 14582 | Lair:1   | Killed a spiny frog
 14684 | Lair:1   | Noticed an elephant
 14695 | Lair:1   | Killed an elephant
 14840 | Lair:2   | Noticed an elephant
 14846 | Lair:2   | Killed an elephant
 16488 | Lair:3   | Reached skill level 17 in Axes
 17006 | Lair:3   | Reached skill level 5 in Translocations
 17013 | Lair:3   | Found a staircase to the Snake Pit.
 18479 | Lair:4   | Found a staircase to the Swamp.
 18571 | Swamp:1  | Entered Level 1 of the Swamp
 18964 | Lair:5   | Gained mutation: Your wings are large and strong. [draconian growth]
 18964 | Lair:5   | Reached XP level 14. HP: 98/101 MP: 28/28
 20264 | Lair:6   | Reached skill level 10 in Dodging
 20341 | Lair:6   | Noticed Maud
 20355 | Lair:6   | Killed Maud
 20576 | Lair:6   | Found a hole to the Spider Nest.
 20584 | Lair:6   | Reached skill level 5 in Charms
 20819 | Spider:1 | Entered Level 1 of the Spider Nest
 21384 | Lair:1   | Killed an elephant
 22240 | D:12     | Reached skill level 18 in Axes
 23209 | D:13     | Noticed ghwc's ghost (powerful OgBe)
 23328 | D:13     | Killed ghwc's ghost
 23661 | D:14     | Found a sacrificial altar of Ru.
 23763 | D:14     | Found a frozen archway.
 23783 | D:14     | Noticed Sonja
 23790 | D:14     | Killed Sonja
 23861 | IceCv    | Entered an ice cave
 24303 | IceCv    | Reached XP level 15. HP: 87/106 MP: 20/29
 24381 | IceCv    | Noticed a frost giant
 24407 | IceCv    | Killed a frost giant
 24718 | D:14     | Found a gate to the Vaults.
 25250 | D:15     | Entered Level 15 of the Dungeon
 25294 | D:15     | Found a sparkling altar of Nemelex Xobeh.
 25340 | D:15     | Noticed Frances
 25344 | D:15     | Killed Frances
 25344 | D:15     | Reached skill level 19 in Axes
 26647 | D:15     | Found a staircase to the Depths.
 27425 | Orc:4    | Found Ihohas' Antique Weapon Emporium.
 27425 | Orc:4    | Found Radizof's Distillery.
 27428 | Orc:4    | Found Jauleiwo's Book Shop.
 27430 | Orc:4    | Found Futhroir's Book Shoppe.
 27774 | Orc:4    | Found a staircase to the Elven Halls.
 27776 | Orc:4    | Found Grenexih's Gadget Boutique.
 27784 | Elf:1    | Entered Level 1 of the Elven Halls
 27787 | Orc:4    | Noticed Urug
 27796 | Orc:4    | Killed Urug
 28860 | Lair:7   | Found a staircase to the Slime Pits.
 28902 | Slime:1  | Entered Level 1 of the Pits of Slime
 29174 | Lair:7   | Learned a level 6 spell: Deflect Missiles
 29968 | Orc:4    | Bought a book of Frost for 420 gold pieces
 29972 | Orc:4    | Learned a level 3 spell: Ozocubu's Armour
 29978 | Orc:4    | Learned a level 4 spell: Condensation Shield
 30223 | Lair:1   | Upgraded the game from 0.16.0-8-gd9ae3a8 to 0.16.0-11-gd45b091
 30419 | Lair:8   | Entered Level 8 of the Lair of Beasts
 30488 | Lair:7   | Reached XP level 16. HP: 113/113 MP: 32/32
 30572 | Lair:7   | Reached skill level 1 in Ice Magic
 31696 | Lair:8   | Found a burning altar of Makhleb.
 32146 | Lair:8   | Found a gateway to Hell.
 32161 | Hell     | Entered the Vestibule of Hell
 32161 | Hell     | Noticed Geryon
 32654 | Swamp:3  | Reached skill level 20 in Axes
 32936 | Swamp:5  | Entered Level 5 of the Swamp
 33513 | Swamp:5  | Reached skill level 5 in Fighting
 33927 | Swamp:5  | Reached skill level 5 in Ice Magic
 34307 | Swamp:5  | Got a decaying rune of Zot
 34935 | Spider:1 | Reached XP level 17. HP: 87/128 MP: 29/32
 35697 | Spider:3 | Noticed Snorg
 35714 | Spider:3 | Killed Snorg
 35909 | Spider:5 | Entered Level 5 of the Spider Nest
 35914 | Spider:5 | Noticed wanderer1's ghost (mighty GrGl)
 35932 | Spider:5 | Killed wanderer1's ghost
 36167 | Spider:5 | Lost mutation: [You tend to lose your temper in combat.] [potion of cure mutation]
 36167 | Spider:5 | Lost mutation: You have large cloven feet. [potion of cure mutation]
 36167 | Spider:5 | Lost mutation: Your flesh is cold resistant. [potion of cure mutation]
 36167 | Spider:5 | Lost mutation: You have a pair of small antennae on your head. [potion of cure mutation]
 36168 | Spider:5 | Lost mutation: Your body is slowly deteriorating. [potion of cure mutation]
 37734 | Spider:5 | Got a gossamer rune of Zot
 38616 | Vaults:1 | Entered Level 1 of the Vaults
 39080 | Vaults:1 | Reached skill level 10 in Spellcasting
 39502 | Lair:1   | Learned a level 4 spell: Throw Icicle
 39763 | Vaults:1 | Reached XP level 18. HP: 142/146 MP: 28/35
 39875 | Vaults:1 | Reached skill level 1 in Air Magic
 39997 | Vaults:1 | Noticed Saint Roka
 40029 | Vaults:1 | Killed Saint Roka
 40340 | Vaults:1 | Reached skill level 10 in Fighting
 40397 | Vaults:1 | Noticed Norris
 40418 | Vaults:1 | Killed Norris
 40905 | Depths:1 | Entered Level 1 of the Depths
 41496 | Depths:1 | Found Ubits' Assorted Antiques.
 41511 | Depths:1 | Bought a fizzy brown potion for 36 gold pieces
 41798 | Elf:1    | Noticed Asterion
 41816 | Elf:1    | Killed Asterion
 43388 | Elf:1    | Reached skill level 5 in Air Magic
 44212 | Elf:2    | Reached skill level 15 in Dodging
 44218 | Elf:2    | Found a runed gate.
 44218 | Elf:2    | Found a runed gate.
 44219 | Elf:2    | Found a runed gate.
 44660 | Elf:2    | Reached skill level 1 in Conjurations
 44992 | Elf:2    | Reached XP level 19. HP: 160/160 MP: 27/36
 46244 | Depths:1 | Found a gateway to a ziggurat.
 47367 | Orc:4    | Bought a potion of beneficial mutation for 525 gold pieces
 47367 | Orc:4    | Gained mutation: You are covered in fur (AC +1). [potion of beneficial mutation]
 47457 | Elf:3    | Entered Level 3 of the Elven Halls
 47632 | Elf:3    | Found a magical portal.
 47646 | WizLab   | Entered The Chambers of Toujibro the Cloud Mage
 48236 | WizLab   | Identified the Almanac of Weightlessness
 48253 | WizLab   | Identified Zosi's Papyrus of Lethal Lightness
 48506 | Elf:3    | HP: 4/163 [deep elf master archer/arrow (25)]
 48510 | Elf:3    | Hired Vanoh the merfolk for 303 gold.
 48511 | Elf:3    | HP: 2/163 [poisoned by a deep elf master archer]
 48513 | Elf:3    | Cast into the Abyss (a deep elf sorcerer)
 48516 | Abyss:1  | HP: 7/163 [poisoned by a deep elf master archer]
 49142 | Abyss:4  | Learned a level 4 spell: Airstrike
 49810 | Abyss:4  | Reached XP level 20. HP: 92/174 MP: 24/36
 50613 | Abyss:4  | HP: 7/176 [hellephant/blast of flame (50)]
 50618 | Abyss:4  | Killed from afar by a hellephant

Action                   |  1- 3 |  4- 6 |  7- 9 | 10-12 | 13-15 | 16-18 | 19-21 || total
-------------------------+-------+-------+-------+-------+-------+-------+-------++-------
Melee: War axe           |    86 |   129 |   261 |   459 |       |       |       ||   935
       Battleaxe         |       |       |       |   189 |  1156 |  1194 |   497 ||  3036
 Cast: Phase Shift       |       |       |       |       |    19 |    43 |    14 ||    76
       Warp Weapon       |       |       |       |       |    12 |     3 |       ||    15
       Ozocubu's Armour  |       |       |       |       |     1 |    47 |    15 ||    63
       Condensation Shie |       |       |       |       |       |    41 |    10 ||    51
       Throw Icicle      |       |       |       |       |       |    45 |    37 ||    82
       Airstrike         |       |       |       |       |       |       |    13 ||    13
Invok: Temporal Distorti |       |     1 |       |       |     1 |       |       ||     2
       Slouch            |       |       |     4 |     9 |    13 |    19 |     4 ||    49
       Bend Time         |       |       |       |     1 |     4 |     3 |       ||     8
       Step From Time    |       |       |       |       |       |     2 |     2 ||     4
 Abil: Breathe Lightning |       |       |     9 |     9 |    10 |     9 |     2 ||    39
       Fly               |       |       |       |       |       |     1 |     1 ||     2
       Stop Flying       |       |       |       |       |       |       |     1 ||     1
Evoke: Wand              |       |       |       |       |     7 |       |       ||     7
       Fan of gales      |       |       |       |       |     2 |       |     1 ||     3
       Box of beasts     |       |       |       |       |     1 |     1 |       ||     2
       Deck              |       |       |       |       |     1 |       |     3 ||     4
       Sack of spiders   |       |       |       |       |     2 |       |       ||     2
  Use: Scroll            |       |     1 |     2 |     2 |    17 |     8 |     5 ||    35
       Potion            |       |     4 |     7 |     6 |     3 |    11 |     7 ||    38
 Stab: Sleeping          |       |     1 |     7 |     6 |    13 |     7 |     3 ||    37
       Distracted        |       |       |     2 |     3 |     4 |     3 |     1 ||    13
  Eat: Chunk             |     1 |     3 |    11 |    28 |    35 |    35 |     8 ||   121
       Beef jerky        |       |       |       |       |     4 |       |       ||     4
       Fruit             |       |       |       |       |     2 |     3 |     6 ||    11
       Meat ration       |       |       |       |       |     2 |     1 |     1 ||     4
       Pizza             |       |       |       |       |       |     1 |       ||     1
